[Event "CZE Extraliga 2019-20"]
[Site "Czech Republic"]
[Date "2019.12.01"]
[Round "4.6"]
[White "Rydl, Jiri"]
[Black "Petr, Martin"]
[Result "1/2-1/2"]
[ECO "A11"]
[WhiteElo "2422"]
[BlackElo "2460"]
[Annotator "ChessBase"]
[PlyCount "133"]
[EventDate "2019.09.15"]
[EventType "team-tourn"]
[EventCountry "CZE"]
[SourceTitle "playchess.com"]
[Source "ChessBase"]
[SourceQuality "1"]
[WhiteTeam "Siesta Solution Unichess "]
[BlackTeam "Pardubice"]
[TimeControl "40/5400+30:1800+30"]

1. c4 Nf6 2. g3 c6 3. Nf3 d5 4. Bg2 dxc4 5. O-O Nbd7 6. Na3 Nb6 7. Qc2 Be6 8. Ng5 Bg4 9. f3 Bh5 10. Nxc4 Qd4+ 11. Ne3 Nfd5 12. Ne4 e6 13. Nf2 Bg6 14. Qb3 Nxe3 15. dxe3 Qb4 16. Qxb4 Bxb4 17. Nd3 Be7 18. e4 O-O 19. Be3 Rfd8 20. Rfc1 Bf6 21. Rc2 Bd4 22. Kf2 f5 23. Bxd4 Rxd4 24. Nc5 fxe4 25. fxe4 e5 26. Nxb7 Rf8+ 27. Ke1 Nc4 28. Bh3 Rb8 29. Nc5 Rxb2 30. Rxb2 Nxb2 31. Rc1 Bf7 32. Rc2 Nc4 33. Ne6 Rxe4 34. Bf5 Ne3 35. Rd2 Rb4 36. Rd8+ Be8 37. Rxe8+ Kf7 38. Rf8+ Ke7 39. Bh3 Ng4 40. a3 Rc4 41. Rg8 Kxe6 42. Rxg7 h5 43. Rh7 Kd5 44. Rxh5 Ne3 45. Rh6 Rc2 46. Bd7 e4 47. g4 Ng2+ 48. Kf2 Nf4 49. Bxc6+ Rxc6 50. Rxc6 Kxc6 51. Ke3 Nd5+ 52. Kxe4 Kd6 53. Kf5 Ne3+ 54. Kg5 Ke6 55. h4 Kf7 56. h5 a5 57. a4 Kg7 58. Kf4 Nd5+ 59. Ke5 Nc3 60. e4 Nxa4 61. Kd4 Nb6 62. g5 a4 63. Kc3 a3 64. Kb3 Nc4 65. Ka2 Kh7 66. Kb3 Kg7 67. Ka2 1/2-1/2

[Event "CZE Extraliga 2019-20"]
[Site "Czech Republic"]
[Date "2019.12.01"]
[Round "4.6"]
[White "Rubes, Jan"]
[Black "Malik, Jan"]
[Result "1-0"]
[ECO "B53"]
[WhiteElo "2363"]
[BlackElo "2291"]
[Annotator "NA"]
[PlyCount "93"]
[EventDate "2019.09.15"]
[EventType "team-tourn"]
[EventCountry "CZE"]
[SourceTitle "playchess.com"]
[Source "ChessBase"]
[SourceQuality "1"]
[WhiteTeam "Kromeriz "]
[BlackTeam "Ostrava"]
[TimeControl "40/5400+30:1800+30"]

1. e4 c5 2. Nf3 d6 3. d4 cxd4 4. Qxd4 Nc6 5. Qe3 Nf6 6. Be2 g6 7. c4 Bg7 8. O-O O-O 9. Nc3 Ng4 10. Qg5 Nge5 11. Nxe5 dxe5 12. Be3 Nd4 13. Rac1 e6 14. Rfd1 Bd7 15. Bf1 Bc6 16. b4 b6 17. f3 f5 18. b5 Bb7 19. c5 bxc5 20. Na4 Bf6 21. Qh6 Bg7 22. Qh3 Rc8 23. Nxc5 Qe7 24. Nxb7 Qxb7 25. exf5 exf5 26. Qh4 Bf6 27. Qf2 Rxc1 28. Rxc1 Rc8 29. Qd2 Rd8 30. Qa5 Rd7 31. Qc3 Kg7 32. Qc8 e4 33. Qxb7 Rxb7 34. fxe4 fxe4 35. a4 Nf5 36. Bf4 Bd4+ 37. Kh1 Bb6 38. g4 Ne3 39. Be2 Nd5 40. Be5+ Kh6 41. h4 Be3 42. g5+ Bxg5 43. hxg5+ Kxg5 44. a5 Kf5 45. Bh2 Rd7 46. Rf1+ Kg5 47. Rd1 1-0

[Event "CZE Extraliga 2019-20"]
[Site "Czech Republic"]
[Date "2019.12.01"]
[Round "4.7"]
[White "Jirovsky, Milos"]
[Black "Jurcik, Martin"]
[Result "1/2-1/2"]
[ECO "D78"]
[WhiteElo "2452"]
[BlackElo "2360"]
[Annotator "ChessBase"]
[PlyCount "64"]
[EventDate "2019.09.15"]
[EventType "team-tourn"]
[EventCountry "CZE"]
[SourceTitle "playchess.com"]
[Source "ChessBase"]
[SourceQuality "1"]
[WhiteTeam "Pardubice "]
[BlackTeam "Siesta Solution Unichess "]
[TimeControl "40/5400+30:1800+30"]

1. Nf3 d5 2. g3 g6 3. Bg2 Bg7 4. d4 Nf6 5. O-O O-O 6. Nbd2 c6 7. c4 Bf5 8. b3 Nbd7 9. Bb2 Ne4 10. Nh4 Nxd2 11. Qxd2 Be6 12. e4 dxe4 13. Bxe4 Nf6 14. Bg2 Qd7 15. Rfe1 Rad8 16. Nf3 Rfe8 17. Rad1 Qc8 18. Qb4 Bf8 19. Qa5 a6 20. Ne5 Bh3 21. Bh1 Bg7 22. Nd3 Bf5 23. Qb4 Bxd3 24. Rxd3 e6 25. Red1 Rd7 26. Qd2 Red8 27. Bc3 Qc7 28. Bg2 h6 29. h4 h5 30. Qe2 Ng4 31. Bh3 Nh6 32. Kg2 Kh7 1/2-1/2

[Event "CZE Extraliga 2019-20"]
[Site "Czech Republic"]
[Date "2019.12.03"]
[Round "4.7"]
[White "Vymazal, Bronislav"]
[Black "Nguyen, Thai Dai Van"]
[Result "0-1"]
[ECO "B31"]
[WhiteElo "2397"]
[BlackElo "2548"]
[Annotator "RC"]
[PlyCount "108"]
[EventDate "2019.09.15"]
[EventType "team-tourn"]
[EventCountry "CZE"]
[SourceTitle "playchess.com"]
[Source "ChessBase"]
[SourceQuality "1"]
[WhiteTeam "Brno"]
[BlackTeam "Novoborsky"]
[WhiteTeamCountry "CZE"]
[BlackTeamCountry "CZE"]
[TimeControl "40/5400+30:1800+30"]

1. e4 c5 2. Nf3 Nc6 3. Bb5 g6 4. Bxc6 bxc6 5. O-O Bg7 6. Re1 Nh6 7. c3 O-O 8. d4 cxd4 9. cxd4 d5 10. e5 f6 11. e6 Nf5 12. Nc3 Qd6 13. Qe2 a5 14. Na4 Qb4 15. b3 Nxd4 16. Nxd4 Qxd4 17. Ba3 Qe4 18. Qd2 Qf5 19. Bxe7 Re8 20. Nb6 Rb8 21. Nxc8 Rbxc8 22. Bc5 Rxe6 23. Rxe6 Qxe6 24. Re1 Qd7 25. Re7 Qf5 26. Qxa5 Bf8 27. Re1 d4 28. Bb6 Qxa5 29. Bxa5 Ra8 30. Bb6 Bb4 31. Rd1 c5 32. a4 Kf7 33. Bc7 Ke6 34. Kf1 Kd5 35. Ke2 c4 36. bxc4+ Kxc4 37. a5 Bxa5 38. Bxa5 Rxa5 39. Rc1+ Kd5 40. Rc8 Rc5 41. Rd8+ Kc4 42. Kd2 Ra5 43. Ke2 Ra2+ 44. Kf3 d3 45. Rd7 h5 46. h3 Ra6 47. Rc7+ Kd4 48. g4 hxg4+ 49. hxg4 Re6 50. Rd7+ Kc3 51. Rc7+ Kb2 52. Kg2 d2 53. Rb7+ Kc2 54. Rc7+ Kd3 0-1

[Event "CZE Extraliga 2019-20"]
[Site "Czech Republic"]
[Date "2019.12.01"]
[Round "4.7"]
[White "Bures, Jaroslav"]
[Black "Jasny, Stanislav"]
[Result "1/2-1/2"]
[ECO "B48"]
[WhiteElo "2388"]
[BlackElo "2326"]
[Annotator "ChessBase"]
[PlyCount "40"]
[EventDate "2019.09.15"]
[EventType "team-tourn"]
[EventCountry "CZE"]
[SourceTitle "playchess.com"]
[Source "ChessBase"]
[SourceQuality "1"]
[WhiteTeam "Poruba "]
[BlackTeam "Frydek-Mistek"]
[TimeControl "40/5400+30:1800+30"]

1. e4 c5 2. Nf3 e6 3. d4 cxd4 4. Nxd4 Nc6 5. Nc3 Qc7 6. Be3 a6 7. f4 d6 8. a4 Nf6 9. Be2 Be7 10. O-O O-O 11. Kh1 Nxd4 12. Qxd4 Bd7 13. e5 Ne8 14. Rad1 Bc6 15. Bf3 Rd8 16. Bxc6 Qxc6 17. Qb6 Rc8 18. Rd3 Qxb6 19. Bxb6 f6 20. exd6 Nxd6 1/2-1/2

[Event "CZE Extraliga 2019-20"]
[Site "Czech Republic"]
[Date "2019.12.01"]
[Round "4.7"]
[White "Studnicka, Tomas"]
[Black "Voloshin, Leonid"]
[Result "1/2-1/2"]
[ECO "A45"]
[WhiteElo "2341"]
[BlackElo "2361"]
[Annotator "ChessBase"]
[PlyCount "35"]
[EventDate "2019.09.15"]
[EventType "team-tourn"]
[EventCountry "CZE"]
[SourceTitle "playchess.com"]
[Source "ChessBase"]
[SourceQuality "1"]
[WhiteTeam "Turnov "]
[BlackTeam "Praha"]
[TimeControl "40/5400+30:1800+30"]

1. d4 Nf6 2. Bf4 e6 3. e3 d5 4. Nd2 Bd6 5. Bg3 O-O 6. Bd3 c5 7. c3 Qc7 8. Ngf3 Nbd7 9. O-O Bxg3 10. hxg3 e5 11. dxe5 Nxe5 12. Nxe5 Qxe5 13. Nf3 Qe7 14. Qa4 Bd7 15. Qf4 Rfe8 16. a4 Rac8 17. Nh4 g6 18. Bb5 1/2-1/2

[Event "CZE Extraliga 2019-20"]
[Site "Czech Republic"]
[Date "2019.12.01"]
[Round "4.7"]
[White "Vyskocil, Neklan"]
[Black "Balacek, Tadeas"]
[Result "0-1"]
[ECO "A10"]
[WhiteElo "2306"]
[BlackElo "2331"]
[Annotator "NA RC"]
[PlyCount "162"]
[EventDate "2019.09.15"]
[EventType "team-tourn"]
[EventCountry "CZE"]
[SourceTitle "playchess.com"]
[Source "ChessBase"]
[SourceQuality "1"]
[WhiteTeam "Duras"]
[BlackTeam "Lysa nad Labem"]
[TimeControl "40/5400+30:1800+30"]

1. c4 g6 2. Nc3 Bg7 3. g3 e5 4. Bg2 Nf6 5. e3 O-O 6. Nge2 d6 7. O-O Nbd7 8. d4 c6 9. b3 Qc7 10. Ba3 Re8 11. Qc2 Nf8 12. Rad1 Bg4 13. dxe5 dxe5 14. Bd6 Qc8 15. Rd2 h5 16. Nc1 N8h7 17. f3 Bf5 18. e4 Bh3 19. Nd3 Bxg2 20. Rxg2 Nd7 21. Qd2 Bf8 22. c5 Bxd6 23. cxd6 Re6 24. Nb2 Qf8 25. Rd1 Rd8 26. f4 Nb6 27. fxe5 Rxe5 28. Qf4 Ng5 29. Kh1 f6 30. Rgd2 Re6 31. a4 Nf7 32. a5 Nd7 33. Qf2 a6 34. Nc4 Nde5 35. d7 Nxc4 36. bxc4 Qb4 37. Ne2 Qxc4 38. Rd4 Qc2 39. R1d2 Qb1+ 40. Rd1 Qc2 41. R1d2 Qc5 42. Nf4 Rd6 43. Nxg6 R8xd7 44. Rxd6 Qxf2 45. Rxf2 Rxd6 46. Nf4 h4 47. gxh4 Ne5 48. Nh5 Kf7 49. Rb2 Rd7 50. Rf2 Ng4 51. Rf4 Kg6 52. Rxg4+ Kxh5 53. h3 c5 54. Kg2 Rc7 55. Rf4 Rc6 56. Kg3 c4 57. Rf5+ Kh6 58. Kg4 c3 59. Rf1 c2 60. Rc1 Kg6 61. Kf4 Rc3 62. Kg4 Kh6 63. Kf5 Rc6 64. Kf4 Kh5 65. Ke3 Kxh4 66. Kd3 Rc5 67. Rxc2 Rxa5 68. Rc7 Rb5 69. Rh7+ Kg5 70. Kc4 Rb1 71. Kd5 a5 72. Rg7+ Kh6 73. Rg4 Rb6 74. Rh4+ Kg5 75. Rg4+ Kh5 76. Rg3 Rb5+ 77. Kc4 Rb4+ 78. Kd5 a4 79. Rg8 b5 80. Ra8 Kh4 81. Rf8 a3 0-1

[Event "CZE Extraliga 2019-20"]
[Site "Czech Republic"]
[Date "2019.12.01"]
[Round "4.7"]
[White "Skalsky, Alexandr"]
[Black "Konopka, Michal"]
[Result "1/2-1/2"]
[ECO "B01"]
[WhiteElo "2188"]
[BlackElo "2351"]
[Annotator "RC"]
[PlyCount "32"]
[EventDate "2019.09.15"]
[EventType "team-tourn"]
[EventCountry "CZE"]
[SourceTitle "playchess.com"]
[Source "ChessBase"]
[SourceQuality "1"]
[WhiteTeam "Ostrava"]
[BlackTeam "Kromeriz "]
[TimeControl "40/5400+30:1800+30"]

1. e4 d5 2. exd5 Qxd5 3. Nc3 Qa5 4. d4 Nf6 5. Nf3 Bf5 6. Bc4 e6 7. Bd2 Bb4 8. a3 Bxc3 9. Bxc3 Qb6 10. d5 Nbd7 11. dxe6 Bxe6 12. Bxe6 Qxe6+ 13. Qe2 Qxe2+ 14. Kxe2 O-O 15. Rhd1 Rfe8+ 16. Kf1 c6 1/2-1/2

[Event "CZE Extraliga 2019-20"]
[Site "Czech Republic"]
[Date "2019.12.03"]
[Round "4.8"]
[White "Kriebel, Tadeas"]
[Black "Svanda, Ondrej"]
[Result "1-0"]
[ECO "E01"]
[WhiteElo "2516"]
[BlackElo "2254"]
[Annotator "ChessBase"]
[PlyCount "113"]
[EventDate "2019.09.15"]
[EventType "team-tourn"]
[EventCountry "CZE"]
[SourceTitle "playchess.com"]
[Source "ChessBase"]
[SourceQuality "1"]
[WhiteTeam "Novoborsky"]
[BlackTeam "Brno"]
[WhiteTeamCountry "CZE"]
[BlackTeamCountry "CZE"]
[TimeControl "40/5400+30:1800+30"]

1. d4 Nf6 2. c4 e6 3. g3 Bb4+ 4. Nd2 O-O 5. Bg2 c5 6. a3 Bxd2+ 7. Qxd2 cxd4 8. Nf3 d5 9. cxd5 Qxd5 10. Qxd4 Nc6 11. Qh4 Qf5 12. O-O Rd8 13. Be3 e5 14. b4 Be6 15. Rac1 a6 16. Bb6 Rd6 17. Bc5 Rdd8 18. Ng5 h6 19. Nxe6 Qxe6 20. Qc4 Qxc4 21. Rxc4 Rd2 22. Re1 Rc8 23. Kf1 Nd8 24. Rcc1 Ra2 25. Ra1 Rxa1 26. Rxa1 Nd7 27. Be3 Rc7 28. Ke1 Kf8 29. Kd2 Ke7 30. Rc1 Rxc1 31. Kxc1 Kd6 32. Kc2 f6 33. Be4 Nc6 34. Kd3 Nd8 35. h4 Nc6 36. Kc4 Nd8 37. a4 Nc6 38. f4 Nd8 39. Bf5 Ne6 40. Be4 Nd8 41. f5 Nc6 42. b5 axb5+ 43. axb5 Nd8 44. b6 Ke7 45. Kb5 Ke8 46. g4 Nb8 47. Bc5 Nbc6 48. e3 Ne7 49. Bd6 Kd7 50. Kc5 Ke8 51. Bd3 Ndc6 52. Bb5 Kd8 53. Bxc6 Nxc6 54. Bf8 Ne7 55. Bxg7 Ng8 56. Kd6 Ke8 57. Ke6 1-0

[Event "CZE Extraliga 2019-20"]
[Site "Czech Republic"]
[Date "2019.12.01"]
[Round "4.8"]
[White "Meduna, Eduard"]
[Black "Barak, David"]
[Result "1/2-1/2"]
[ECO "A46"]
[WhiteElo "2377"]
[BlackElo "2070"]
[Annotator "NA"]
[PlyCount "83"]
[EventDate "2019.09.15"]
[EventType "team-tourn"]
[EventCountry "CZE"]
[SourceTitle "playchess.com"]
[Source "ChessBase"]
[SourceQuality "1"]
[WhiteTeam "Lysa nad Labem"]
[BlackTeam "Duras"]
[TimeControl "40/5400+30:1800+30"]

1. d4 Nf6 2. Nf3 c5 3. c3 e6 4. Bf4 b6 5. e3 Nh5 6. Bg5 Be7 7. Bxe7 Qxe7 8. Nbd2 Bb7 9. a4 Nc6 10. Nc4 Ba6 11. Nd6+ Qxd6 12. Bxa6 Nf6 13. O-O O-O 14. Qe2 cxd4 15. exd4 Nd5 16. Ne5 Rab8 17. g3 f6 18. Ng4 f5 19. Ne5 Nf6 20. Rfe1 Ne4 21. Nd3 Ne7 22. f3 Ng5 23. f4 Ne4 24. Ne5 Nd5 25. Bd3 Nef6 26. Nf3 Rb7 27. Qe5 Ne8 28. Bc4 Qxe5 29. Nxe5 Nef6 30. Bd3 Rc7 31. Nc4 Rb8 32. Ne3 Nxe3 33. Rxe3 Kf7 34. Re5 Ng4 35. Rb5 a6 36. Rb4 Ne3 37. Kf2 Nd5 38. Rb3 a5 39. Be2 Ke7 40. Bf3 Nf6 41. Re1 Rc4 42. Ra3 1/2-1/2

[Event "CZE Extraliga 2019-20"]
[Site "Czech Republic"]
[Date "2019.12.01"]
[Round "4.8"]
[White "Vrbata, Zbynek"]
[Black "Rosko, Lubos"]
[Result "1/2-1/2"]
[ECO "A72"]
[WhiteElo "2353"]
[BlackElo "2317"]
[Annotator "NA"]
[PlyCount "26"]
[EventDate "2019.09.15"]
[EventType "team-tourn"]
[EventCountry "CZE"]
[SourceTitle "playchess.com"]
[Source "ChessBase"]
[SourceQuality "1"]
[WhiteTeam "Siesta Solution Unichess "]
[BlackTeam "Pardubice"]
[TimeControl "40/5400+30:1800+30"]

1. d4 Nf6 2. c4 c5 3. d5 e6 4. Nc3 exd5 5. cxd5 d6 6. Nf3 g6 7. Nd2 Bg7 8. e4 O-O 9. Be2 a6 10. a4 Re8 11. O-O Nbd7 12. Qc2 Ne5 13. h3 g5 1/2-1/2

[Event "CZE Extraliga 2019-20"]
[Site "Czech Republic"]
[Date "2019.12.01"]
[Round "4.8"]
[White "Hollan, Petr"]
[Black "Walek, Petr"]
[Result "1-0"]
[ECO "B78"]
[WhiteElo "2301"]
[BlackElo "2263"]
[Annotator "NA"]
[PlyCount "85"]
[EventDate "2019.09.15"]
[EventType "team-tourn"]
[EventCountry "CZE"]
[SourceTitle "playchess.com"]
[Source "ChessBase"]
[SourceQuality "1"]
[WhiteTeam "Kromeriz "]
[BlackTeam "Ostrava"]
[TimeControl "40/5400+30:1800+30"]

1. e4 c5 2. Nf3 g6 3. d4 cxd4 4. Nxd4 Bg7 5. Nc3 Nc6 6. Be3 Nf6 7. Bc4 d6 8. f3 O-O 9. Qd2 Bd7 10. O-O-O Rb8 11. Bb3 Na5 12. Kb1 b5 13. h4 Nc4 14. Bxc4 bxc4 15. h5 Qb6 16. b3 Qb4 17. Bg5 e6 18. Nde2 cxb3 19. cxb3 d5 20. e5 Nxh5 21. g4 Bxe5 22. gxh5 Rfc8 23. hxg6 hxg6 24. Ne4 dxe4 25. Qxb4 Rxb4 26. Rxd7 exf3 27. Ng1 f2 28. Nh3 Rg4 29. Be3 a5 30. Nxf2 Rg2 31. Rd2 Bg7 32. Ne4 Rg4 33. Nd6 Rf8 34. Rg1 Rxg1+ 35. Bxg1 g5 36. Bb6 Ra8 37. Nc4 Kh7 38. Bxa5 f5 39. Bc7 f4 40. Rg2 Kh6 41. Re2 Re8 42. Nd6 f3 43. Rh2+ 1-0